Map: Catalyst LE

Players

JCDenmark - Winner!

  • Race: Zerg Zerg
  • League: Platinum
  • Spawn Location: 11:00

Juxtapose

  • Race: Protoss Protoss
  • League: Gold
  • Spawn Location: 5:00

VOD

https://youtu.be/u99MaporSRU

Description

I've been struggling with Protoss all season (except versus Terran), and I find I never quite know what to do against Zerg.

Next game, I think I'm going to try and hit early with Zealots and Immortals and transition into High Templars with Archons and see how that works.

I'm not comfortable with Disruptors and I find Colossi die too fast to focused Hydralisk fire.

Time

  • Played on: Dec. 23, 2017, 3:18 p.m.
  • Length: 17:27
Show
View Real Time Build Order
Export as new Build Order

JCDenmark Zerg - Winner!

Build Orders: Hatch First 

Get SALT Encoding   

  12  0:05  Drone  
  13  0:20  Drone  
  14  0:22  Overlord  
  14  0:32  Extractor  
  14  0:33  Extractor  
  14  0:34  Drone  
  14  0:35  Drone  
  16  0:44  Drone  
  18  0:57  Drone  
  18  1:08  Hatchery  
  18  1:11  Drone  
  19  1:40  Drone  
  19  1:43  Spawning Pool  
  18  1:48  Hatchery  
  17  1:54  Overlord  
  17  1:58  Drone  
  17  2:00  Drone  
  19  2:28  Drone  
  19  2:29  Drone x2  
  22  2:31  Queen, Drone  
  22  2:33  Queen  
  27  2:38  Drone  
  27  2:43  Drone x2  
  30  2:51  Spine Crawler  
  30  2:55  Drone, Spine Crawler  
  30  2:58  Drone  
  30  3:05  Drone  
  31  3:07  Drone  
  31  3:10  Drone  
  31  3:12  Drone x2  
  35  3:20  Drone  
  35  3:23  Drone x2  
  35  3:26  Overlord  
  38  3:36  Queen  
  38  3:37  Queen  
  42  3:44  Queen  
  44  3:52  Extractor  
  44  3:54  Extractor  
  42  3:59  Spore Crawler  
  42  4:01  Drone  
  42  4:03  Drone  
  42  4:04  Drone x2  
  42  4:05  Drone x3  
  42  4:07  Drone x2  
  50  4:23  Overlord x3  
  50  4:27  Queen  
  49  4:37  Drone  
  50  4:50  Spore Crawler  
  49  5:03  Drone  
  49  5:04  Drone x9  
  49  5:05  Hatchery  
  58  5:19  Lair  
  58  5:20  Drone  
  59  5:21  Drone  
  59  5:23  Drone  
  59  5:26  Spore Crawler  
  60  5:29  Drone x4  
  64  5:43  Evolution Chamber  
  64  5:45  Evolution Chamber  
  64  5:46  Spine Crawler  
  61  5:51  Spine Crawler  
  60  6:00  Drone x3  
  60  6:01  Drone x3  
  66  6:14  Zerg Ground Armor Level 1  
  66  6:15  Zerg Missile Weapons Level 1  
  66  6:22  Infestation Pit, Extractor x2  
  66  6:23  Drone x3  
  66  6:24  Drone x3  
  69  6:27  Drone x3  
  72  6:35  Extractor  
  72  6:36  Extractor  
  72  6:37  Drone x3  
  72  6:38  Drone x2, Spine Crawler x2  
  72  6:39  Drone  
  74  6:40  Drone x4  
  74  6:41  Drone  
  79  6:54  Overseer  
  79  6:55  Pneumatized Carapace, Hydralisk Den  
  79  6:58  Drone  
  79  6:59  Hive  
  79  7:06  Spine Crawler  
  78  7:10  Overseer  
  78  7:34  Muscular Augments  
  78  7:36  Hydralisk  
  80  7:39  Overlord x4  
  80  7:40  Overlord x6  
  80  8:06  Hydralisk  
  80  8:07  Hydralisk x14  
  80  8:09  Zerg Melee Weapons Level 1  
  80  8:12  Extractor, Drone x3, Hatchery  
  111  8:16  Extractor  
  111  8:17  Drone x3  
  113  8:20  Metabolic Boost  
  113  8:38  Overseer  
  113  8:46  Spine Crawler  
  112  9:11  Ultralisk Cavern  
  112  9:15  Evolution Chamber  
  110  9:23  Hydralisk x5  
  110  9:24  Hydralisk x14  
  148  9:41  Zergling x2  
  148  9:42  Zergling x28  
  163  9:47  Adrenal Glands  
  163  9:57  Zergling x6  
  163  9:59  Overlord x6  
  166  10:00  Overlord  
  145  10:16  Spore Crawler  
  136  10:57  Zerg Ground Armor Level 2, Zerg Melee Weapons Level 2  
  136  10:59  Chitinous Plating  
  136  11:01  Zerg Missile Weapons Level 2  
  136  11:24  Extractor  
  136  11:25  Extractor, Drone x4, Hatchery  
  136  11:26  Drone x2  
  136  11:28  Drone x3  
  136  11:29  Drone x5  
  136  11:30  Drone x4  
  151  11:42  Drone x3  
  151  11:43  Drone x3  
  157  11:49  Extractor  
  157  11:50  Hatchery  
  155  11:54  Extractor  
  154  12:09  Spine Crawler  
  154  12:11  Spine Crawler  
  152  12:22  Ultralisk  
  176  12:23  Ultralisk x7  
  200  12:48  Spire  
  200  12:49  Burrow  
  200  12:50  Spire, Pathogen Glands  
  198  13:09  Spore Crawler  
  198  13:10  Spine Crawler x2  
  198  13:12  Spine Crawler  
  194  13:14  Spine Crawler  
  193  13:38  Drone  
  194  13:44  Drone x3  
  194  13:46  Zerg Ground Armor Level 3  
  194  13:47  Neural Parasite, Zerg Melee Weapons Level 3  
  197  13:49  Zerg Missile Weapons Level 3  
  197  14:05  Greater Spire  
  197  14:07  Zerg Flyer Armor Level 1  
  197  14:16  Baneling Nest  
  196  14:32  Overseer  
  196  14:33  Overseer x2  
  196  14:34  Overseer  
  196  14:42  Lurker Den, Drone x2  
  196  14:44  Drone  
  198  14:54  Drone x2  
  198  14:59  Spore Crawler  
  199  15:00  Spine Crawler  
  199  15:04  Baneling  
  199  15:05  Baneling x13  
  199  15:06  Baneling x16  
  198  15:16  Drone x2  
  135  16:15  Lurker x2  
  135  16:16  Lurker x4  
Show
View Real Time Build Order
Export as new Build Order

Juxtapose Protoss 

Build Orders: Oracle Opening 

Get SALT Encoding   

  12  0:01  Probe  
  13  0:13  Probe  
  14  0:25  Probe  
  14  0:26  Pylon  
  15  0:44  Probe  
  15  0:45  Gateway  
  16  0:51  Assimilator  
  16  0:56  Probe  
  17  1:08  Pylon, Probe  
  18  1:20  Probe  
  19  1:26  Assimilator  
  20  1:32  Probe  
  20  1:34  Zealot (Chrono Boost)  
  22  1:43  Pylon  
  22  1:45  Probe  
  22  1:46  Pylon  
  23  1:59  Cybernetics Core  
  23  2:07  Probe  
  24  2:09  Zealot (Chrono Boost)  
  26  2:19  Probe  
  26  2:22  Forge  
  27  2:37  Warp Gate  
  27  2:41  Stargate  
  27  2:49  Shield Battery  
  27  2:52  Shield Battery  
  27  3:02  Photon Cannon  
  27  3:11  Sentry  
  29  3:22  Oracle (Chrono Boost)  
  32  3:34  Gateway  
  32  3:37  Pylon  
  32  3:39  Protoss Ground Weapons Level 1  
  32  4:00  Zealot  
  34  4:05  Twilight Council  
  34  4:50  Charge  
  34  4:54  Probe  
  34  4:55  Void Ray  
  34  4:58  Stalker x2  
  43  5:07  Nexus  
  43  5:38  Gateway  
  43  5:41  Pylon  
  43  5:44  Pylon  
  43  5:48  Pylon  
  43  6:09  Stalker  
  43  6:10  Zealot  
  47  6:15  Protoss Ground Armor Level 1  
  48  6:18  Probe  
  48  6:21  Probe  
  49  6:30  Robotics Facility, Probe  
  50  6:33  Probe  
  50  6:35  Stalker  
  53  6:42  Probe  
  53  6:45  Probe  
  55  6:47  Shield Battery  
  55  6:54  Probe (Chrono Boost)  
  55  6:58  Probe (Chrono Boost)  
  57  7:04  Stalker  
  57  7:06  Probe (Chrono Boost)  
  57  7:07  Probe (Chrono Boost)  
  61  7:17  Probe x2  
  61  7:22  Assimilator  
  63  7:24  Assimilator  
  63  7:28  Shield Battery  
  63  7:29  Probe x2  
  65  7:31  Photon Cannon  
  65  7:41  Probe x2  
  67  8:03  Zealot x2  
  67  8:04  Zealot  
  67  8:05  Immortal (Chrono Boost)  
  77  8:13  Protoss Ground Weapons Level 2 (Chrono Boost)  
  77  8:14  Probe x2  
  79  8:21  Void Ray  
  83  8:31  Zealot  
  85  8:36  Immortal (Chrono Boost)  
  89  9:01  Nexus  
  89  9:06  Stalker x2  
  93  9:28  Pylon  
  93  9:31  Pylon  
  93  9:35  Pylon  
  93  9:46  Immortal  
  97  9:56  Photon Cannon  
  97  9:59  Shield Battery  
  97  10:00  Zealot x3, Shield Battery  
  52  10:24  Warp Prism  
  52  10:26  Robotics Bay  
  54  10:29  Zealot x2  
  54  10:32  Sentry  
  60  10:37  Protoss Ground Armor Level 2 (Chrono Boost), Probe x3  
  63  10:48  Robotics Facility  
  63  10:53  Gateway  
  63  11:06  Zealot x2  
  63  11:07  Zealot  
  69  11:15  Assimilator  
  69  11:20  Extended Thermal Lance  
  69  11:21  Assimilator  
  69  11:28  Disruptor  
  72  11:35  Zealot x3  
  72  11:39  Probe  
  79  11:51  Probe  
  80  11:55  Zealot x2  
  80  11:56  Zealot x2  
  80  11:59  Disruptor (Chrono Boost)  
  91  12:04  Disruptor (Chrono Boost)  
  94  12:12  Probe  
  94  12:13  Probe x2  
  97  12:24  Probe  
  97  12:25  Probe  
  97  12:26  Zealot x3  
  97  12:27  Zealot  
  107  12:35  Colossus (Chrono Boost)  
  113  12:46  Protoss Ground Weapons Level 3 (Chrono Boost)  
  113  12:49  Colossus (Chrono Boost)  
  119  13:02  Zealot  
  119  13:03  Zealot x3  
  127  13:10  Colossus (Chrono Boost)  
  132  13:39  Pylon  
  132  13:40  Pylon  
  132  13:54  Colossus (Chrono Boost)  
  132  13:55  Pylon, Colossus (Chrono Boost)  
  132  14:00  Photon Cannon  
  132  14:02  Zealot x2  
  148  14:03  Photon Cannon  
  148  14:05  Photon Cannon  
  148  14:07  Photon Cannon  
  148  14:30  Nexus  
  148  14:32  Pylon  
  148  14:36  Pylon  
  148  14:40  Pylon, Colossus (Chrono Boost)  
  148  14:42  Observer  
  155  14:46  Zealot  
  157  15:02  Zealot x3  
  157  15:03  Colossus (Chrono Boost)  
  169  15:24  Colossus (Chrono Boost)  
  111  15:49  Colossus (Chrono Boost)  
  78  15:53  Zealot x4  
  69  16:08  Zealot x2  
  69  16:09  Zealot x2  
  77  16:14  Colossus (Chrono Boost)  
  83  16:23  Photon Cannon  
  83  16:26  Colossus (Chrono Boost)  
  83  16:27  Photon Cannon  
  83  16:30  Photon Cannon  
  83  16:32  Shield Battery  
  88  16:45  Zealot x3  
  88  16:46  Zealot  
Tags
 
Add a new tag
Caveats
  • Supply blocks, unpowered buildings, or Contaminate may cause inaccurate times.
  • Supply counts are checked every 10 seconds.